 Dungeon Sprint DCSS version 0.30-a0-585-g93115170b9 (webtiles) character file.

Game seed: 10925328426285702136

7500000 mhtbhm the Axe Maniac (level 21, -76/224 HPs)
             Began as a Minotaur Monk on Jan 1, 2023.
             Was the Champion of Makhleb.
             Annihilated by a meat berserker
             ... wielding a +9 battleaxe
              (79 damage)
             ... in the Dungeon (Sprint VIII: "Arena of Blood").
             The game lasted 00:02:28 (75 turns).

mhtbhm the Axe Maniac (Minotaur Monk)                 Turns: 75, Time: 00:02:29

Health: -76/224    AC:  3    Str: 27    XL:     21   Next: 95%
Magic:  24/35      EV: 25    Int:  7    God:    Makhleb [******]
Gold:   0          SH:  0    Dex: 13    Spells: 42/42 levels left

rFire   . . .      SeeInvis .    j - +∞ Axe of Woe
rCold   . . .      Faith    .    (shield currently unavailable)
rNeg    . . .      Spirit   .    b - +0 robe
rPois   .          Reflect  .    (helmet restricted)
rElec   .          Harm     .    (no cloak)
rCorr   .          Rampage  .    (no gloves)
Will    +....      NoTele   +    (no boots)
Stlth   +++++++++                (no amulet)
HPRegen 0.57/turn                n - +200 ring of slaying
MPRegen 0.24/turn                m - +200 ring of slaying

@: no status effects
A: horns 2, retaliatory headbutt
a: Renounce Religion, Minor Destruction, Lesser Servant of Makhleb, Major
Destruction, Greater Servant of Makhleb


You were in the Dungeon.
You worshipped Makhleb.
Makhleb was exalted by your worship.
You visited 1 branch

Inventory:

Hand Weapons
 a - a +0 hand axe
 j - the +∞ Axe of Woe (weapon)
   (You found it in the Dungeon)
Armour
 b - a +0 robe (worn)
Jewellery
 k - a +30 ring of slaying
 l - a +30 ring of slaying
 m - a +200 ring of slaying (right hand)
 n - a +200 ring of slaying (left hand)
Potions
 c - a potion of ambrosia
 f - a potion of haste
 g - 2 potions of magic
 h - a potion of berserk rage


   Skills:
 O Level 27 Fighting
 + Level 17.0(19.8) Short Blades
 + Level 18.4(21.4) Long Blades
 O Level 27 Axes
 + Level 18.4(26.8) Maces & Flails
 + Level 18.4(26.8) Polearms
 + Level 18.4(23.9) Staves
 + Level 17.0 Ranged Weapons
 + Level 15.7 Throwing
 + Level 18.4 Armour
 O Level 27 Dodging
 O Level 27 Stealth
 + Level 18.4 Shields
 + Level 17.0 Unarmed Combat
 + Level 11.3 Spellcasting
 + Level 12.3 Conjurations
 + Level 12.6 Hexes
 + Level 12.3 Summonings
 + Level 12.3 Necromancy
 + Level 12.3 Translocations
 + Level 13.3 Transmutations
 + Level 12.3 Fire Magic
 + Level 12.3 Ice Magic
 + Level 12.3 Air Magic
 + Level 13.4 Earth Magic
 + Level 13.7 Poison Magic
 + Level 17.4 Invocations
 + Level 16.1 Evocations


You had 42 spell levels left.
You didn't know any spells.
Your spell library was empty.

Dungeon Overview and Level Annotations

Branches:
Dungeon (1/1)

Altars:
Makhleb

Annotations:
D The Servant


Innate Abilities, Weirdness & Mutations

You have a pair of horns on your head.
You reflexively headbutt those who attack you in melee.


Message History

You feel better.
You hear a shout! x3
A meat berserker comes into view. It is wielding a +9 battleaxe.
You hear a shout!
The dread calls on the powers of darkness!
The bag of meat convulses! x2; The large bag of meat convulses!
Flame seeps out of the large bag of meat.
The meat berserker convulses!
The bag of meat convulses! x2
The meat berserker convulses! x3; Your body is wracked with pain!
* * * LOW HITPOINT WARNING * * *
The bag of meat convulses!
The large bag of meat convulses!
Flame seeps out of the large bag of meat.
The large bag of meat convulses!
Flame seeps out of the large bag of meat.
The bag of meat convulses!
The dread calls on the powers of darkness!
The meat berserker convulses!
The bag of meat convulses!
The large bag of meat convulses!
Flame seeps out of the large bag of meat.
The bag of meat convulses!
The meat berserker convulses!
The bag of meat convulses! x2; The meat berserker convulses!
Your body is wracked with pain!
* * * LOW HITPOINT WARNING * * *
The bag of meat convulses!
The large bag of meat convulses!
Flame seeps out of the large bag of meat.
The large bag of meat convulses!
Flame seeps out of the large bag of meat.
The bag of meat convulses! x6
The dread throws damnation at you.
The sphere of damnation explodes!
The damnation engulfs you!
* * * LOW HITPOINT WARNING * * *
You hear a shout! x2
Your Unarmed Combat skill increases to level 17!
Unknown command.
Unknown command. 2 bags of meat and a destroyer come into view.
The destroyer is wielding a +9 heavy great sword.
You hear a shout! x3
The meat berserker hits you with a +9 battleaxe!!!!
You die...

....... .. ..
####....V##.##..
......Wo......o.
#..W.oooo..#o#..
#...§oVV...O.oO.
#....O.V.......
..#.oOz.).......
.....OO@...o....
...o.oO.........
..WW..#.......#.
#.Oo.o#O......# ....
Vo.W###....o.o###....
o...O....###.oL......
o#o......O_.)o.o....D
o. ..#.§..)#...z...
... #_)<)_#.§§oD..


You could see a tyrant (fast), 5 destroyers, a sculptor of flesh, 3 large bags
of meat, 5 dreads, 7 meat berserkers and 24 bags of meat.

Vanquished Creatures
  A royal mummy (D)
  7 vampire knights (D)
  17 ogres (D)
  2 two-headed ogres (D)
  15 orcs (D)
  A skeletal warrior (D)
43 creatures vanquished.

Vanquished Creatures (others)
  3 ogres (D)
  A two-headed ogre (D)
  3 orcs (D)
7 creatures vanquished.

Grand Total: 50 creatures vanquished

Notes
Turn   | Place    | Note
-------+----------+-------------------------------------------
     0 | D        | Found the +∞ Axe of Woe
     0 | D        | mhtbhm the Minotaur Monk began the quest for the Orb.
     0 | D        | Reached XP level 1. HP: 19/19 MP: 0/0
     2 | D        | Noticed a meat berserker
     3 | D        | Noticed a meat berserker
     3 | D        | Noticed a bag of meat
     4 | D        | Became a worshipper of Makhleb the Destroyer
     4 | D        | Reached * piety under Makhleb
     4 | D        | Reached ** piety under Makhleb
     5 | D        | Killed a meat berserker
     5 | D        | Noticed a bag of meat
     5 | D        | Noticed a bag of meat
     6 | D        | Reached skill level 5 in Stealth
     6 | D        | Reached XP level 2. HP: 56/56 MP: 1/1
     6 | D        | Reached XP level 3. HP: 63/63 MP: 2/2
     6 | D        | Reached XP level 4. HP: 71/71 MP: 3/3
     6 | D        | Reached XP level 5. HP: 79/79 MP: 4/4
     6 | D        | Reached XP level 6. HP: 86/86 MP: 5/5
     6 | D        | Reached XP level 7. HP: 94/94 MP: 6/6
     6 | D        | Reached XP level 8. HP: 102/102 MP: 7/7
     6 | D        | Reached XP level 9. HP: 108/108 MP: 8/8
     6 | D        | Reached XP level 10. HP: 117/117 MP: 9/9
     6 | D        | Reached XP level 11. HP: 124/124 MP: 10/10
     6 | D        | Killed a meat berserker
     6 | D        | Noticed a bag of meat
     7 | D        | Reached XP level 12. HP: 140/140 MP: 11/11
     7 | D        | Reached XP level 13. HP: 148/148 MP: 12/12
     7 | D        | Noticed a meat berserker
     8 | D        | Killed a bag of meat
     9 | D        | Killed a bag of meat
     9 | D        | Reached *** piety under Makhleb
    10 | D        | Noticed a meat berserker
    10 | D        | Noticed a meat berserker
    11 | D        | Killed a meat berserker
    11 | D        | Killed a bag of meat
    11 | D        | Noticed a meat berserker
    11 | D        | Noticed a meat berserker
    12 | D        | Reached skill level 27 in Fighting
    12 | D        | Reached skill level 27 in Axes
    12 | D        | Reached XP level 14. HP: 146/168 MP: 13/13
    13 | D        | Noticed a bag of meat
    14 | D        | Killed a meat berserker
    14 | D        | Reached **** piety under Makhleb
    15 | D        | Reached skill level 27 in Dodging
    15 | D        | Reached skill level 15 in Stealth
    15 | D        | Reached XP level 15. HP: 164/174 MP: 14/14
    17 | D        | Killed a meat berserker
    17 | D        | Killed a meat berserker
    18 | D        | Noticed a meat berserker
    18 | D        | Noticed a meat berserker
    19 | D        | Killed a meat berserker
    20 | D        | Reached XP level 16. HP: 122/183 MP: 15/15
    21 | D        | Reached ***** piety under Makhleb
    22 | D        | Reached skill level 27 in Stealth
    22 | D        | Noticed a large bag of meat
    23 | D        | Killed a meat berserker
    26 | D        | Noticed a destroyer
    26 | D        | Noticed a meat berserker
    27 | D        | Killed a large bag of meat
    28 | D        | Reached skill level 5 in Long Blades
    28 | D        | Reached skill level 5 in Maces & Flails
    28 | D        | Reached skill level 5 in Polearms
    28 | D        | Reached skill level 5 in Staves
    28 | D        | Reached skill level 5 in Armour
    28 | D        | Reached skill level 5 in Shields
    28 | D        | Reached skill level 5 in Invocations
    31 | D        | Killed a destroyer
    31 | D        | Noticed a meat berserker
    32 | D        | Reached skill level 5 in Throwing
    32 | D        | Reached skill level 5 in Evocations
    32 | D        | Reached XP level 17. HP: 112/191 MP: 16/21
    33 | D        | Killed a meat berserker
    34 | D        | Reached skill level 5 in Hexes
    34 | D        | Reached skill level 5 in Transmutations
    34 | D        | Reached skill level 5 in Earth Magic
    34 | D        | Reached skill level 5 in Poison Magic
    34 | D        | Killed a meat berserker
    34 | D        | Noticed a destroyer
    35 | D        | Reached skill level 5 in Spellcasting
    35 | D        | Reached skill level 5 in Conjurations
    35 | D        | Reached skill level 5 in Summonings
    35 | D        | Reached skill level 5 in Necromancy
    35 | D        | Reached skill level 5 in Translocations
    35 | D        | Reached skill level 5 in Fire Magic
    35 | D        | Reached skill level 5 in Ice Magic
    35 | D        | Reached skill level 5 in Air Magic
    35 | D        | Noticed a destroyer
    35 | D        | Reached ****** piety under Makhleb
    36 | D        | Reached XP level 18. HP: 180/200 MP: 16/25
    37 | D        | Noticed a destroyer
    39 | D        | Killed a destroyer
    40 | D        | Reached skill level 10 in Short Blades
    40 | D        | Reached skill level 10 in Ranged Weapons
    40 | D        | Reached skill level 10 in Unarmed Combat
    40 | D        | Reached skill level 10 in Invocations
    40 | D        | Reached skill level 10 in Evocations
    40 | D        | Killed a destroyer
    40 | D        | Killed a destroyer
    40 | D        | Noticed a meat berserker
    40 | D        | Noticed a meat berserker
    41 | D        | Reached skill level 10 in Throwing
    41 | D        | Reached XP level 19. HP: 207/207 MP: 17/29
    43 | D        | Noticed a destroyer
    46 | D        | Killed a meat berserker
    46 | D        | Noticed a meat berserker
    47 | D        | Reached skill level 10 in Poison Magic
    47 | D        | Killed a meat berserker
    48 | D        | Reached skill level 10 in Transmutations
    48 | D        | Reached skill level 10 in Earth Magic
    48 | D        | Killed a meat berserker
    48 | D        | Noticed a meat berserker
    49 | D        | Reached XP level 20. HP: 216/216 MP: 18/31
    49 | D        | Killed a destroyer
    50 | D        | Reached skill level 15 in Long Blades
    50 | D        | Reached skill level 15 in Maces & Flails
    50 | D        | Reached skill level 15 in Polearms
    50 | D        | Reached skill level 15 in Staves
    50 | D        | Reached skill level 15 in Armour
    50 | D        | Reached skill level 15 in Shields
    50 | D        | Reached skill level 10 in Hexes
    51 | D        | Reached skill level 10 in Conjurations
    51 | D        | Reached skill level 10 in Summonings
    51 | D        | Reached skill level 10 in Necromancy
    51 | D        | Reached skill level 10 in Translocations
    51 | D        | Reached skill level 10 in Fire Magic
    51 | D        | Reached skill level 10 in Ice Magic
    51 | D        | Reached skill level 10 in Air Magic
    54 | D        | Killed a meat berserker
    54 | D        | Noticed a meat berserker
    55 | D        | Reached skill level 15 in Invocations
    57 | D        | Noticed an accursed
    58 | D        | Noticed a large bag of meat
    59 | D        | Killed a meat berserker
    60 | D        | Reached skill level 15 in Short Blades
    60 | D        | Reached skill level 15 in Ranged Weapons
    60 | D        | Reached skill level 15 in Unarmed Combat
    60 | D        | Noticed a meat berserker
    60 | D        | Noticed a meat berserker
    60 | D        | Noticed a destroyer
    60 | D        | Noticed a large bag of meat
    61 | D        | Noticed a destroyer
    61 | D        | Noticed an eight-headed meat hydra
    61 | D        | Noticed The Servant
    61 | D        | Noticed a meat berserker
    61 | D        | Noticed a tyrant
    61 | D        | Noticed an eight-headed meat hydra
    62 | D        | Killed an accursed
    62 | D        | Noticed a meat berserker
    63 | D        | Reached skill level 10 in Spellcasting
    63 | D        | Reached XP level 21. HP: 34/224 MP: 21/34
    64 | D        | Killed a large bag of meat
    65 | D        | Reached skill level 15 in Evocations
    65 | D        | Killed a destroyer
    65 | D        | Noticed a destroyer
    66 | D        | Reached skill level 15 in Throwing
    66 | D        | Killed a large bag of meat
    66 | D        | HP: 11/224 [??? (8)]
    68 | D        | Killed a destroyer
    70 | D        | Noticed a dread
    71 | D        | Noticed a destroyer
    71 | D        | Noticed a dread
    71 | D        | Noticed a dread
    72 | D        | Noticed a large bag of meat
    72 | D        | Noticed a large bag of meat
    72 | D        | Noticed a dread
    72 | D        | Noticed a destroyer
    72 | D        | Noticed a destroyer
    72 | D        | Noticed a large bag of meat
    72 | D        | Noticed a destroyer
    72 | D        | Noticed a destroyer
    72 | D        | Noticed a dread
    72 | D        | Noticed a dread
    73 | D        | Noticed a dread
    74 | D        | HP: 2/224 [dread/damnation (14)]
    75 | D        | Noticed a destroyer
    75 | D        | Annihilated by a meat berserker

Illustrated notes

Levels and vault maps discovered:
D:        meatsprint

Skill      XL: |  1  2  3  4  5  6  7  8  9 10 11 12 13 14 15 16 17 18 19 20 21 |
---------------+----------------------------------------------------------------+-----
Fighting       | 20 23 27 | 27.0
Axes           | 20 23 27 | 27.0
Dodging        | 18 21 26 27 | 27.0
Stealth        | 5 6 8 15 26 27 | 27.0
Short Blades   | 6 8 11 13 15 17 | 17.0
Long Blades    | 6 9 12 14 17 18 | 18.4
Maces & Flails | 6 9 12 14 17 18 | 18.4
Polearms       | 6 9 12 14 17 18 | 18.4
Staves         | 6 9 12 14 17 18 | 18.4
Ranged Weapons | 6 8 11 13 15 17 | 17.0
Throwing       | 5 7 10 12 14 15 | 15.7
Armour         | 6 9 12 14 17 18 | 18.4
Shields        | 6 9 12 14 17 18 | 18.4
Unarmed Combat | 6 8 11 13 15 17 | 17.0
Spellcasting   | 3 5 7 8 10 11 | 11.3
Conjurations   | 4 5 8 9 11 12 | 12.3
Hexes          | 4 6 8 9 11 12 | 12.6
Summonings     | 4 5 8 9 11 12 | 12.3
Necromancy     | 4 5 8 9 11 12 | 12.3
Translocations | 4 5 8 9 11 12 | 12.3
Transmutations | 4 6 9 10 12 13 | 13.3
Fire Magic     | 4 5 8 9 11 12 | 12.3
Ice Magic      | 4 5 8 9 11 12 | 12.3
Air Magic      | 4 6 8 9 11 12 | 12.3
Earth Magic    | 4 6 9 10 12 13 | 13.4
Poison Magic   | 4 6 9 10 12 13 | 13.7
Invocations    | 6 8 12 13 16 17 | 17.4
Evocations     | 5 8 11 12 14 16 | 16.1

Action                   |  1- 3 |  4- 6 |  7- 9 | 10-12 | 13-15 | 16-18 | 19-21 || total
-------------------------+-------+-------+-------+-------+-------+-------+-------++-------
Melee: Executioner's axe |     1 |       |       |     1 |     6 |    10 |    15 ||    33
  Use: Potion            |       |       |       |       |       |       |     2 ||     2
       Scroll            |       |       |       |       |       |       |     1 ||     1

Table legend: (Time is in decaauts)
 A = Elapsed time spent in this place.
 B = Non-inter-level travel time spent in this place.
 C = Inter-level travel time spent in this place.
 D = Time resting spent in this place.
 E = Time spent auto-exploring this place.
 F = Levels seen in this place.
 G = Mean time per level.
                   A        B        C        D        E       F      G
               +--------+--------+--------+--------+--------+-----+--------+
         Total |     62 |     62 |      0 |      0 |      0 |   1 |   62.0 |
       Dungeon |     62 |     62 |      0 |      0 |      0 |   1 |   62.0 |
               +--------+--------+--------+--------+--------+-----+--------+

Top non-repeatable levels by time:
       D: 62 daAuts
